BSA
NASHVILLE G-STRINGS @ ST. LOUIS BROWNS
09/25/2028
 
TOP OF THE 1ST
Nashville G-Strings batting - Pitching for St. Louis Browns : RHP Alex Stanford
Pitching: RHP Alex Stanford
Batting: SHB Jorge Flores 0-0: Ball
1-0: SINGLE (Groundball, 34D)
Batting: LHB Jesús Núñez 0-0: Called Strike
0-1: Foul Ball, location: 2F
0-2: Strikes out swinging
Batting: RHB Sergio Márquez 0-0: Ball
1-0: Ball
2-0: Foul Ball, location: 2F
2-1: Called Strike
2-2: Strikes out swinging
Batting: RHB Danny Campbell 0-0: Ball
1-0: Foul Ball, location: 2F
1-1: Ball
Wild Pitch!
Jorge Flores to second
2-1: Foul Ball, location: 2F
2-2: SINGLE (Groundball, 6MD)
Jorge Flores to third
Runner from 3rd tries for Home, SAFE, no throw
Batting: RHB Vicente Aguirre 0-0: Ball
1-0: Ground out 1-3 (Groundball, 13)
Top of the 1st over - 1 run(s), 2 hit(s), 0 error(s), 1 left on base; Nashville 1 - St. Louis 0
BOTTOM OF THE 1ST
St. Louis Browns batting - Pitching for Nashville G-Strings : LHP Bill Moore
Pitching: LHP Bill Moore
Batting: RHB Vicente Valentín 0-0: Called Strike
0-1: Foul Ball, location: 2F
0-2: Fly out, F8 (Flyball, 89M)
Batting: RHB Jeff Jones 0-0: Ball
1-0: Ball
2-0: Called Strike
2-1: Foul Ball, location: 2F
2-2: Reached on error, E8 (Flyball, 8LD)
Batting: RHB Adrian Prouse 0-0: Ball
1-0: Foul Ball, location: 2F
1-1: DOUBLE (Flyball, 89XD)
Jeff Jones scores
Batting: LHB Bob Ware 0-0: Ball
Throwing error on steal attempt, E2
Adrian Prouse scores
1-0: Called Strike
1-1: Ball
2-1: Ball
3-1: Ground out 5-3 (Groundball, 56)
Batting: LHB Mike Hill 0-0: Called Strike
0-1: Swinging Strike
0-2: Ball
1-2: Fly out, F7 (Flyball, 7D)
Bottom of the 1st over - 2 run(s), 1 hit(s), 2 error(s), 0 left on base; Nashville 1 - St. Louis 2
TOP OF THE 2ND
Nashville G-Strings batting - Pitching for St. Louis Browns : RHP Alex Stanford
Batting: RHB António Ortega 0-0: Ball
1-0: Ball
2-0: Ball
3-0: Called Strike
3-1: Base on Balls
Batting: SHB Rob Grun 0-0: Called Strike
0-1: Ball
1-1: Called Strike
1-2: Strikes out looking
Batting: RHB Greg King 0-0: Called Strike
0-1: Foul Ball, location: 2F
0-2: Ball
1-2: Ball
2-2: Ball
3-2: SINGLE (Groundball, 56D)
António Ortega to second
Batting: RHB Wilson López 0-0: Ball
1-0: Ball
Passed Ball!
António Ortega to third
Greg King to second
2-0: Called Strike
2-1: Ground out 3-1 (Groundball, 34)
António Ortega scores
Greg King to third
Batting: SHB Jorge Flores 0-0: Ball
1-0: Swinging Strike
1-1: Ball
2-1: Foul Ball, location: 2F
2-2: Ground out 6-3 (Groundball, 6)
Top of the 2nd over - 1 run(s), 1 hit(s), 0 error(s), 1 left on base; Nashville 2 - St. Louis 2
BOTTOM OF THE 2ND
St. Louis Browns batting - Pitching for Nashville G-Strings : LHP Bill Moore
Batting: LHB Dave Watson 0-0: Ball
1-0: SINGLE (Groundball, 4MD)
Batting: LHB Jorge Torres 0-0: Ball
1-0: Fly out, F9 (Flyball, 9)
Batting: RHB Anthony Rucker 0-0: Foul Ball, location: 2F
0-1: Foul Ball, location: 2F
0-2: Fielders Choice at 2nd, 5-4 (Groundball, 56)
Batting: RHB Domingo Romero 0-0: Called Strike
0-1: Ball
1-1: Ball
2-1: SINGLE (Line Drive, 8LS)
Anthony Rucker to second
Batting: RHB Vicente Valentín 0-0: Ground out 6-3 (Groundball, 56)
Bottom of the 2nd over - 0 run(s), 2 hit(s), 0 error(s), 2 left on base; Nashville 2 - St. Louis 2
TOP OF THE 3RD
Nashville G-Strings batting - Pitching for St. Louis Browns : RHP Alex Stanford
Batting: LHB Jesús Núñez 0-0: Fly out, F8 (Line Drive, 8RM)
Batting: RHB Sergio Márquez 0-0: Ball
1-0: Ball
2-0: Ball
3-0: Called Strike
3-1: Base on Balls
Batting: RHB Danny Campbell 0-0: Called Strike
0-1: Foul Ball, location: 2F
0-2: Ball
1-2: Ball
2-2: Strikes out swinging
Batting: RHB Vicente Aguirre 0-0: Ball
1-0: Ball
2-0: Ball
3-0: Called Strike
3-1: Foul Ball, location: 2F
3-2: Foul Ball, location: 2F
3-2: Strikes out swinging
Top of the 3rd over - 0 run(s), 0 hit(s), 0 error(s), 1 left on base; Nashville 2 - St. Louis 2
BOTTOM OF THE 3RD
St. Louis Browns batting - Pitching for Nashville G-Strings : LHP Bill Moore
Batting: RHB Jeff Jones 0-0: Called Strike
0-1: Swinging Strike
0-2: Ball
1-2: Ball
2-2: SINGLE (Groundball, 6MD)
Batting: RHB Adrian Prouse 0-0: Foul Ball, location: 2F
0-1: Ball
1-1: Foul Ball, location: 2F
1-2: Foul Ball, location: 2F
1-2: Foul Ball, location: 2F
1-2: Strikes out looking
Batting: LHB Bob Ware 0-0: Ball
1-0: Called Strike
1-1: SINGLE (Line Drive, 34D)
Jeff Jones to second
Batting: LHB Mike Hill 0-0: Fielders Choice at 2nd, 4-6 (Groundball, 4)
Jeff Jones to third
Batting: LHB Dave Watson 0-0: Called Strike
0-1: Ball
1-1: Ball
2-1: Ball
3-1: 3-RUN HOME RUN (Flyball, 9D), Distance : 379 ft
Batting: LHB Jorge Torres 0-0: Ball
1-0: Swinging Strike
1-1: Foul Ball, location: 2F
1-2: Ball
2-2: Ball
3-2: SINGLE (Flyball, 8RS)
Batting: RHB Anthony Rucker 0-0: Called Strike
0-1: Ball
1-1: Called Strike
1-2: Ball
2-2: SINGLE (Line Drive, 7LM)
Jorge Torres to second
Batting: RHB Domingo Romero 0-0: Ball
1-0: Swinging Strike
1-1: Ball
2-1: Ball
3-1: SINGLE (Groundball, 56D)
Jorge Torres to third
Anthony Rucker to second
Runner from 3rd tries for Home, SAFE, no throw
Batting: RHB Vicente Valentín 0-0: DOUBLE (Line Drive, 3D)
Anthony Rucker scores
Domingo Romero to third
Pitching: RHP Arturo Leal
Batting: RHB Jeff Jones 0-0: Fly out, F7 (Flyball, 78S)
Bottom of the 3rd over - 5 run(s), 7 hit(s), 0 error(s), 2 left on base; Nashville 2 - St. Louis 7
TOP OF THE 4TH
Nashville G-Strings batting - Pitching for St. Louis Browns : RHP Alex Stanford
Batting: RHB António Ortega 0-0: Foul Ball, location: 2F
0-1: Swinging Strike
0-2: Ball
1-2: Strikes out swinging
Batting: SHB Rob Grun 0-0: Ball
1-0: Called Strike
1-1: Ball
2-1: Foul Ball, location: 2F
2-2: SINGLE (Groundball, 6D)
Batting: RHB Greg King 0-0: Called Strike
0-1: Ball
1-1: Ball
2-1: SINGLE (Line Drive, 4D)
Rob Grun to second
Batting: RHB Wilson López 0-0: Called Strike
0-1: Ball
1-1: Ball
2-1: Ball
3-1: Fly out, F8 (Flyball, 78D)
Batting: SHB Jorge Flores 0-0: Swinging Strike
0-1: Foul Ball, location: 2F
0-2: Foul Ball, location: 2F
0-2: Reached via error on a dropped throw, E6
Rob Grun to third
Greg King to second
Batting: LHB Jesús Núñez 0-0: Fly out, F6 (Popup, 6)
Top of the 4th over - 0 run(s), 2 hit(s), 1 error(s), 3 left on base; Nashville 2 - St. Louis 7
BOTTOM OF THE 4TH
St. Louis Browns batting - Pitching for Nashville G-Strings : RHP Arturo Leal
Batting: RHB Adrian Prouse 0-0: Ball
1-0: Foul Ball, location: 2F
1-1: Foul Ball, location: 2F
1-2: Ball
2-2: Foul Ball, location: 2F
2-2: Fly out, F9 (Flyball, 9S)
Batting: LHB Bob Ware 0-0: Swinging Strike
0-1: Ground out 4-3 (Groundball, 4)
Batting: LHB Mike Hill 0-0: Ball
1-0: SINGLE (Line Drive, 6MD)
Batting: LHB Dave Watson 0-0: Ball
1-0: SINGLE (Flyball, 78S)
Mike Hill to second
Batting: LHB Jorge Torres 0-0: Ground out U3 (Groundball, 34)
Bottom of the 4th over - 0 run(s), 2 hit(s), 0 error(s), 2 left on base; Nashville 2 - St. Louis 7
TOP OF THE 5TH
Nashville G-Strings batting - Pitching for St. Louis Browns : RHP Alex Stanford
Batting: RHB Sergio Márquez 0-0: Fly out, F8 (Flyball, 8RM)
Batting: RHB Danny Campbell 0-0: Ball
1-0: Ground out 4-3 (Groundball, 4)
Batting: RHB Vicente Aguirre 0-0: Fly out, F9 (Flyball, 9S)
Top of the 5th over - 0 run(s), 0 hit(s), 0 error(s), 0 left on base; Nashville 2 - St. Louis 7
BOTTOM OF THE 5TH
St. Louis Browns batting - Pitching for Nashville G-Strings : RHP Arturo Leal
Batting: RHB Anthony Rucker 0-0: Ball
1-0: Fly out, F8 (Flyball, 8RS)
Batting: RHB Domingo Romero 0-0: Called Strike
0-1: Ground out 5-3 (Groundball, 56S)
Batting: RHB Vicente Valentín 0-0: Called Strike
0-1: Ball
1-1: Called Strike
1-2: Ball
2-2: Foul Ball, location: 2F
2-2: Strikes out swinging
Bottom of the 5th over - 0 run(s), 0 hit(s), 0 error(s), 0 left on base; Nashville 2 - St. Louis 7
TOP OF THE 6TH
Nashville G-Strings batting - Pitching for St. Louis Browns : RHP Alex Stanford
Batting: RHB António Ortega 0-0: Called Strike
0-1: SINGLE (Groundball, 56D)
Batting: SHB Rob Grun 0-0: Foul Ball, location: 2F
0-1: 2-RUN HOME RUN (Flyball, 9D), Distance : 376 ft
Batting: RHB Greg King 0-0: Ball
1-0: Foul Ball, location: 2F
1-1: Foul Ball, location: 2F
1-2: Foul Ball, location: 2F
1-2: Foul Ball, location: 2F
1-2: Ball
2-2: SINGLE (Groundball, 6MD)
Batting: RHB Wilson López 0-0: Ball
Greg King steals 2nd base
1-0: Ground out 6-3 (Groundball, 6)
Batting: SHB Jorge Flores 0-0: Ball
Greg King steals 3rd base
1-0: Called Strike
1-1: Called Strike
1-2: Fly out, F7 (Flyball, 78M)
Runner from 3rd tags up, SCORES, no throw
Batting: LHB Jesús Núñez 0-0: Ground out 1-3 (Groundball, P)
Top of the 6th over - 3 run(s), 3 hit(s), 0 error(s), 0 left on base; Nashville 5 - St. Louis 7
BOTTOM OF THE 6TH
St. Louis Browns batting - Pitching for Nashville G-Strings : RHP Arturo Leal
Batting: RHB Jeff Jones 0-0: Ground out 5-3 (Groundball, 56S)
Batting: RHB Adrian Prouse 0-0: Ball
1-0: DOUBLE (Flyball, 7LM)
Batting: LHB Bob Ware 0-0: Fly out, F9 (Flyball, 89M)
Runner from 2nd tags up, OUT at 3rd
Bottom of the 6th over - 0 run(s), 1 hit(s), 0 error(s), 0 left on base; Nashville 5 - St. Louis 7
TOP OF THE 7TH
Nashville G-Strings batting - Pitching for St. Louis Browns : RHP Alex Stanford
Pitching: RHP Rob Hill
Batting: RHB Sergio Márquez 0-0: Ball
1-0: Ground out 5-3 (Groundball, 56)
Batting: RHB Danny Campbell 0-0: Called Strike
0-1: Swinging Strike
0-2: Ball
1-2: Ball
2-2: Foul Ball, location: 2F
2-2: Foul Ball, location: 2F
2-2: Ball
3-2: Foul Ball, location: 2F
3-2: Strikes out swinging
Batting: RHB Vicente Aguirre 0-0: Ground out 4-3 (Groundball, 4S)
Top of the 7th over - 0 run(s), 0 hit(s), 0 error(s), 0 left on base; Nashville 5 - St. Louis 7
BOTTOM OF THE 7TH
St. Louis Browns batting - Pitching for Nashville G-Strings : RHP Arturo Leal
Batting: LHB Mike Hill 0-0: Ball
1-0: Foul Ball, location: 2F
1-1: Foul Ball, location: 2F
1-2: Ball
2-2: SOLO HOME RUN (Flyball, 9D), Distance : 379 ft
Batting: LHB Dave Watson 0-0: Swinging Strike
0-1: Ball
1-1: Ground out 6-3 (Groundball, 6)
Batting: LHB Jorge Torres 0-0: Called Strike
0-1: Ball
1-1: Fly out, F8 (Flyball, 8LS)
Batting: RHB Anthony Rucker 0-0: SINGLE (Groundball, 4MD)
Batting: RHB Domingo Romero 0-0: Called Strike
0-1: SINGLE (Line Drive, 8RS)
Anthony Rucker to second
Batting: RHB Vicente Valentín 0-0: Ball
1-0: Ball
2-0: Swinging Strike
2-1: Foul Ball, location: 2F
2-2: Foul Ball, location: 2F
2-2: Strikes out swinging
Bottom of the 7th over - 1 run(s), 3 hit(s), 0 error(s), 2 left on base; Nashville 5 - St. Louis 8
TOP OF THE 8TH
Nashville G-Strings batting - Pitching for St. Louis Browns : RHP Rob Hill
Batting: RHB António Ortega 0-0: Ball
1-0: Ball
2-0: Ball
3-0: Called Strike
3-1: Base on Balls
Pitching: RHP Beau Brown
Batting: SHB Rob Grun 0-0: Ball
1-0: Foul Ball, location: 2F
1-1: Ball
2-1: Ball
3-1: Foul Ball, location: 2F
3-2: Grounds into double play, 3-6-3 (Groundball, 3)
Batting: RHB Greg King 0-0: Foul Ball, location: 2F
0-1: Ball
1-1: SINGLE (Groundball, 56D)
Batting: RHB Wilson López 0-0: Fielders Choice at 2nd, 4-6 (Groundball, 4)
Top of the 8th over - 0 run(s), 1 hit(s), 0 error(s), 0 left on base; Nashville 5 - St. Louis 8
BOTTOM OF THE 8TH
St. Louis Browns batting - Pitching for Nashville G-Strings : RHP Arturo Leal
Batting: RHB Jeff Jones 0-0: Ground out 4-3 (Groundball, 4)
Batting: RHB Adrian Prouse 0-0: Ball
1-0: Ground out 5-3 (Groundball, 25)
Batting: LHB Bob Ware 0-0: Ball
1-0: Ball
2-0: Called Strike
2-1: Swinging Strike
2-2: Ball
3-2: SINGLE (Flyball, 9LS)
Pitching: LHP Raúl Sandoval
Batting: LHB Mike Hill 0-0: Ball
1-0: Swinging Strike
1-1: Fly out, F9 (Flyball, 89D)
Bottom of the 8th over - 0 run(s), 1 hit(s), 0 error(s), 1 left on base; Nashville 5 - St. Louis 8
TOP OF THE 9TH
Nashville G-Strings batting - Pitching for St. Louis Browns : RHP Beau Brown
Pitching: RHP Cristóbal Gómez
Batting: SHB Jorge Flores 0-0: Called Strike
0-1: Ball
1-1: Foul Ball, location: 2F
1-2: Ball
2-2: Strikes out looking
Batting: LHB Jesús Núñez 0-0: Foul Ball, location: 2F
0-1: SINGLE (Groundball, 4MD)
Batting: RHB Sergio Márquez 0-0: Ball
1-0: Ball
2-0: Fly out, F9 (Flyball, 89D)
Batting: RHB Danny Campbell 0-0: Called Strike
0-1: Reached on error, E4 (Groundball, 4)
Jesús Núñez to second
Batting: RHB Vicente Aguirre 0-0: Ball
1-0: Ball
2-0: Foul Ball, location: 2F
2-1: Fielders Choice at 2nd, 6-4 (Groundball, 6)
Top of the 9th over - 0 run(s), 1 hit(s), 1 error(s), 1 left on base; Nashville 5 - St. Louis 8
Tuesday, August 8th, 2017 - OOTP Baseball 17.12 Build 75